 Dungeon Crawl Stone Soup version 0.27.0-1-g7a089689b8 (webtiles) character file.

Game seed: 11265479110084906063

52184 SnakkuSnakku7 the Sharpshooter (level 15, -4/115 HPs)
             Began as a Formicid Hunter on Aug 11, 2021.
             Was the Champion of Okawaru.
             Killed from afar by an air elemental (16 damage)
             ... with a stunning burst
             ... summoned by Sojobo
             ... on level 1 of the Depths.
             The game lasted 00:27:33 (14148 turns).

SnakkuSnakku7 the Sharpshooter (Formicid Hunter)   Turns: 14148, Time: 00:27:33

Health: -4/115     AC: 20    Str: 33    XL:     15   Next: 5%
Magic:  22/22      EV:  9    Int: 11    God:    Okawaru [******]
Gold:   252        SH: 17    Dex: 12    Spells: 14/14 levels left

rFire    . . .     SeeInvis +   a - +2 hand crossbow (venom)
rCold    . . .     Faith    .   T - +5 kite shield of the Sky {rPois}
rNeg     . . .     Spirit   .   E - +2 chain mail {rPois}
rPois    +         Reflect  .   (helmet unavailable)
rElec    .         Harm     .   J - +0 cloak
rCorr    .         Rampage  .   q - +2 pair of gloves "Vuumaud" {rPois Str+5}
Will     +....                  I - +1 pair of boots
Stlth    ..........             u - amulet of regeneration
HPRegen  1.29/turn              f - +6 ring of strength
MPRegen  0.18/turn              o - +4 ring of slaying

@: no status effects
A: permanent stasis, dig shafts and tunnels, antennae 3, four strong arms
a: Dig, Shaft Self, Renounce Religion, Heroism, Finesse


You were on level 1 of the Depths.
You worshipped Okawaru.
Okawaru was exalted by your worship.
You visited 3 branches of the dungeon, and saw 17 of its levels.

You collected 1137 gold pieces.
You spent 885 gold pieces at shops.

Inventory:

Hand Weapons
 a - a +2 hand crossbow of venom (weapon)
 b - a +4 triple crossbow of freezing
Missiles
 d - 118 bolts (quivered ammo)
 K - 2 throwing nets
Armour
 q - the +2 pair of gloves "Vuumaud" (worn) {rPois Str+5}
   (You acquired it on level 11 of the Dungeon)

   Str:       It affects your strength (+5).
   rPois:     It protects you from poison.
 y - a scarf of resistance
 E - a +2 chain mail of poison resistance (worn)
 I - a +1 pair of boots (worn)
 J - a +0 cloak (worn)
 T - the +5 kite shield of the Sky (worn) {rPois}
   (Okawaru gifted it to you on level 15 of the Dungeon)

   rPois:     It protects you from poison.
Jewellery
 f - a +6 ring of strength (left hand)
 o - a +4 ring of slaying (right hand)
 p - an amulet of guardian spirit
 u - an amulet of regeneration (around neck)
 v - a ring of protection from cold
 P - a +4 ring of evasion
 R - a ring of protection from fire
 S - an amulet of faith
Wands
 g - a wand of flame (37)
 L - a wand of iceblast (14)
 N - a wand of charming (7)
 Q - a wand of digging (4)
Scrolls
 h - a scroll of summoning
 i - a scroll of fear
 j - 4 scrolls of brand weapon
 l - 3 scrolls of immolation
 A - 2 scrolls of magic mapping
 G - 2 scrolls of fog
 O - 4 scrolls of enchant armour
Potions
 e - 2 potions of flight
 k - 9 potions of curing
 m - a potion of brilliance
 r - a potion of cancellation
 s - a potion of mutation {unknown}
 w - a potion of magic {unknown}
 x - a potion of attraction
 z - 3 potions of lignification
 C - 3 potions of degeneration {unknown}
 D - a potion of invisibility
 F - 3 potions of might {unknown}
 H - 2 potions of ambrosia {unknown}


   Skills:
 - Level 10.0 Fighting
 - Level 0.8 Short Blades
 + Level 18.4 Crossbows
 - Level 9.7 Armour
 - Level 2.1 Dodging
 - Level 1.5 Stealth
 + Level 7.3 Shields
 - Level 10.0 Invocations


You had 14 spell levels left.
You didn't know any spells.
Your spell library contained the following spells:

 Spells                   Type           Power      Damage    Failure   Level
 Animate Skeleton         Necr           0%         N/A       87%         1
 Pain                     Necr           0%         1d4       87%         1
 Call Canine Familiar     Summ           0%         N/A       99%         3
 Conjure Flame            Conj/Fire      0%         6-21      99%         3
 Frozen Ramparts          Ice            0%         1d2       99%         3
 Ignite Poison            Fire/Tmut/Pois 0%         N/A       99%         3
 Portal Projectile        Hex/Tloc       0%         N/A       99%         3
 Tukima's Dance           Hex            0%         N/A       99%         3
 Vampiric Draining        Necr           0%         2d6       99%         3
 Fulminant Prism          Conj/Hex       0%         3d6       100%        4
 Ice Form                 Ice/Tmut       0%         N/A       100%        4
 Iskenderun's Mystic Bla  Conj/Tloc      0%         2d3       100%        4
 Leda's Liquefaction      Hex/Erth       0%         N/A       100%        4
 Passage of Golubria      Tloc           N/A        N/A       100%        4
 Sticky Flame             Conj/Fire      0%         2d3       100%        4
 Summon Ice Beast         Ice/Summ       0%         N/A       100%        4
 Alistair's Intoxication  Tmut/Pois      0%         N/A       100%        5
 Borgnjor's Vile Clutch   Necr/Erth      0%         N/A       100%        5
 Lee's Rapid Deconstruct  Erth           0%         3d5*      100%        5
 Summon Mana Viper        Hex/Summ       0%         N/A       100%        5
 Yara's Violent Unravell  Hex/Tmut       0%         3d3       100%        5
 Eringya's Noxious Bog    Tmut/Pois      0%         N/A       100%        6
 Monstrous Menagerie      Summ           0%         N/A       100%        7


Dungeon Overview and Level Annotations

Branches:
Dungeon (15/15)            Temple (1/1) D:6            Lair (0/6) D:8
    Orc (0/2) D:11         Vaults (0/5) D:13         Depths (1/5) D:15

Altars:
Ashenzari
Cheibriados
Dithmenos
Elyvilon
Fedhas
Gozag
Hepliaklqana
Kikubaaqudgha
Makhleb
Nemelex Xobeh
Okawaru
Qazlal
Ru
Sif Muna
Trog
Uskayaw
Vehumet
Wu Jian
Xom
Yredelemnul
Zin
The Shining One

Shops:
D:1 :   D:14 *(

Portals:
Trove: D:11 (give 7 scrolls of fog)

Annotations:
Depths:1 Sojobo


Innate Abilities, Weirdness & Mutations

You cannot be hasted, slowed, berserked, paralysed or teleported.
You can dig through walls and to a lower floor.
You have a pair of large antennae on your head. (SInv)
Your four strong arms can wield two-handed weapons with a shield.


Message History

The hell knight barely misses you.
You dig through the rock wall.
You dig through the rock wall.
You block the hell knight's attack.
You retract your mandibles.
The hell knight hits you from afar with a +3 demon trident!
A fire dragon comes into view.
The fire dragon roars deafeningly!
You hear a horrible gurgling sound! x4
Sojobo casts a spell.
You block the hell knight's attack. The fire dragon breathes flames at you.
The blast of flame hits you!!
You hear a horrible gurgling sound!
The hell knight hits you from afar with a +3 demon trident!!
You extend your mandibles.
You dig through the rock wall.
Sojobo waves her feathered arms in wide circles.
The air twists around and strikes you!!
* * * LOW HITPOINT WARNING * * *
You dig through the rock wall.
You block the hell knight's attack.
You dig through the rock wall.
The hell knight gestures at you while chanting.
The bolt of fire hits you!
* * * LOW HITPOINT WARNING * * *
You dig through the rock wall.
Okay, then.
You dig through the rock wall.
You block the hell knight's attack. x2
You retract your mandibles.
The air elemental fires a burst of electricity at you.
The stunning burst misses you. The air elemental hits you.
* * * LOW HITPOINT WARNING * * *
The air elemental fires a burst of electricity at you.
The stunning burst hits you!
Your stasis prevents you from being paralysed.
* * * LOW HITPOINT WARNING * * *
The hell knight hits you from afar with a +3 demon trident.
* * * LOW HITPOINT WARNING * * *
The air elemental fires a burst of electricity at you.
The stunning burst hits you!
Your stasis prevents you from being paralysed.
You die...

#(# #.{# .(# #..# { #(#
#..# { #.#(# #.# #.#.#
#.# {{ #.#(# #.# #.#(#
#.######## #.#.#
#......... #.#@#
#.#####.##
..#####.#.####.####..#
.........E............
######.#.p##.######.#
#.#.#E##.## #.#
##+######.#Q##.##.## #.#
........#{#.#.####.###.#
.......#.#..## ##.##.+
≈≈≈≈.#.#.## ##.#.#


You could see Sojobo (repels missiles), a hell knight (fast) and 2 air
elementals.

Vanquished Creatures
  A tengu reaver (D:15)
  A stone giant (Depths:1)
  Josephine (D:12)
  2 hydras (D:15)
  A rakshasa (D:14)
  3 boulder beetles
  A vault guard (D:13)
  Erolcha (D:13)
  The ghost of DemonSlayer the Cleaver, a journeyman HuBe of Trog (D:10)
  7 centaur warriors
  2 two-headed ogres
  A death knight (D:12)
  A deep troll earth mage (Depths:1)
  An iron troll (D:15)
  A storm dragon zombie (D:15)
  5 skeletal warriors (D:15)
  3 deep trolls
  2 phantasmal warriors
  An orc knight (D:15)
  4 necromancers
  An orc sorcerer (D:15)
  2 deep elf pyromancers
  A wolf spider (D:10)
  A stone giant zombie (D:15)
  13 ugly things
  An elephant (D:8)
  3 cyclopes
  A centaur zombie (D:10)
  3 manticores
  A spriggan zombie (D:15)
  An unseen horror (D:12)
  3 kobold demonologists (D:11)
  3 freezing wraiths
  3 meliai (D:15)
  6 trolls
  A hornet (D:7)
  An ettin zombie (D:15)
  12 wraiths
  2 water elementals
  A shadow (D:9)
  3 basilisks
  A wyvern (D:8)
  8 yaks
  20 humans (D:13)
  A steam dragon (D:9)
  2 vampire mosquitoes (D:11)
  An acid dragon (D:12)
  A water moccasin (D:6)
  4 ice beasts
  A necrophage (D:6)
  A sky beast (D:7)
  7 orc warriors
  3 ogres
  4 black bears
  12 centaurs
  A kobold brigand (D:11)
  5 bullfrogs
  2 gnoll sergeants (D:9)
  2 scorpions
  A water moccasin zombie (D:7)
  A wyvern zombie (D:7)
  A water moccasin skeleton (D:7)
  3 killer bees (D:7)
  8 wights
  3 electric eels
  7 howler monkeys
  3 jellies
  4 hounds
  A bullfrog skeleton (D:5)
  2 centaur skeletons (D:6)
  5 orc priests
  3 iguanas
  14 orc wizards
  A killer bee zombie (D:8)
  2 hound skeletons
  Robin (D:2)
  6 howler monkey zombies
  10 gnolls
  2 howler monkey skeletons (D:7)
  10 adders
  A white imp (D:7)
  2 ufetubi
  An adder zombie (D:5)
  A worm (D:4)
  13 dart slugs
  56 orcs
  9 ball pythons
  8 endoplasms
  2 giant cockroaches
  13 goblins
  7 hobgoblins
  14 jackals
  13 kobolds
  A quokka (D:1)
  4 bats
  7 frilled lizards
  5 rats
424 creatures vanquished.

Vanquished Creatures (others)
  2 fungi
  3 plants
  8 withered plants (D:15)
13 creatures vanquished.

Grand Total: 437 creatures vanquished

Notes
Turn   | Place    | Note
-------+----------+-------------------------------------------
     0 | D:1      | SnakkuSnakku7 the Formicid Hunter began the quest for the
                  | Orb.
     0 | D:1      | Reached XP level 1. HP: 16/16 MP: 1/1
   108 | D:1      | Reached XP level 2. HP: 6/22 MP: 2/2
   112 | D:1      | Found Ewya's Book Emporium.
   349 | D:1      | Noticed an eye of devastation
   351 | D:1      | Found a faded altar of an unknown god.
   352 | D:1      | Noticed a great orb of eyes
   352 | D:1      | Noticed a great orb of eyes
   352 | D:1      | Noticed an eye of devastation
   389 | D:1      | Reached XP level 3. HP: 6/28 MP: 3/3
   789 | D:2      | Reached skill level 1 in Armour
   791 | D:2      | Reached XP level 4. HP: 23/34 MP: 4/4
  1032 | D:2      | Reached skill level 5 in Crossbows
  1247 | D:2      | Noticed Robin
  1289 | D:2      | Killed Robin
  1290 | D:2      | Reached XP level 5. HP: 33/39 MP: 5/5
  1429 | D:3      | Found a hide-covered altar of Uskayaw.
  1439 | D:2      | Reached skill level 6 in Crossbows
  1508 | D:2      | Reached XP level 6. HP: 28/46 MP: 6/6
  2029 | D:3      | Found a burning altar of Makhleb.
  2048 | D:3      | Noticed a black bear
  2058 | D:3      | Killed a black bear
  2059 | D:3      | Reached skill level 7 in Crossbows
  2059 | D:3      | Reached XP level 7. HP: 29/51 MP: 7/7
  2679 | D:4      | Reached skill level 8 in Crossbows
  3051 | D:5      | Entered Level 5 of the Dungeon
  3114 | D:4      | Found a sacrificial altar of Ru.
  3242 | D:5      | Reached skill level 9 in Crossbows
  3242 | D:5      | Reached XP level 8. HP: 34/57 MP: 8/8
  3649 | D:5      | Found a sparkling altar of Nemelex Xobeh.
  3939 | D:6      | Found a staircase to the Ecumenical Temple.
  3948 | Temple   | Entered the Ecumenical Temple
  4032 | D:6      | Noticed a yak
  4034 | D:6      | Noticed a yak
  4044 | D:6      | Killed a yak
  4051 | D:6      | Killed a yak
  4052 | D:6      | Reached skill level 10 in Crossbows
  4054 | D:6      | Noticed a yak
  4063 | D:6      | Killed a yak
  4125 | D:6      | Reached skill level 5 in Fighting
  4125 | D:6      | Reached XP level 9. HP: 67/68 MP: 9/9
  4880 | D:6      | Found a glowing silver altar of Zin.
  5018 | D:6      | Found a white marble altar of Elyvilon.
  5249 | D:7      | Noticed a hornet
  5259 | D:7      | Killed a hornet
  5347 | D:7      | Reached skill level 10 in Fighting
  5347 | D:7      | Reached XP level 10. HP: 83/85 MP: 10/10
  5606 | D:7      | Reached skill level 5 in Armour
  5703 | D:7      | Found an ornate altar of the Wu Jian Council.
  6002 | D:7      | Found an iron altar of Okawaru.
  6010 | D:7      | Became a worshipper of Warmaster Okawaru
  6431 | D:8      | Found a staircase to the Lair.
  6431 | D:8      | Noticed an elephant
  6488 | D:8      | Killed an elephant
  6488 | D:8      | Reached * piety under Okawaru
  6975 | D:8      | Reached skill level 1 in Invocations
  7192 | D:8      | Found a shimmering altar of Xom.
  7489 | D:9      | Reached ** piety under Okawaru
  7529 | D:9      | Reached skill level 5 in Invocations
  7529 | D:9      | Reached XP level 11. HP: 89/90 MP: 13/15
  8261 | D:10     | Entered Level 10 of the Dungeon
  8284 | D:10     | Reached skill level 1 in Shields
  8328 | D:10     | Found a blossoming altar of Fedhas.
  8344 | D:10     | Found a stormy altar of Qazlal.
  8406 | D:10     | Found a runed translucent door.
  8407 | D:10     | Noticed a wolf spider
  8407 | D:10     | Noticed DemonSlayer's ghost (journeyman HuBe)
  8422 | D:10     | Found a hazy altar of Hepliaklqana.
  8523 | D:10     | Noticed a red ugly thing
  8535 | D:10     | Killed a red ugly thing
  9013 | D:11     | Found a staircase to the Orcish Mines.
  9048 | D:11     | Reached *** piety under Okawaru
  9174 | D:11     | Reached skill level 10 in Invocations
  9257 | D:11     | Received a gift from Okawaru
  9267 | D:11     | Reached **** piety under Okawaru
  9371 | D:11     | Received a gift from Okawaru
  9459 | D:11     | Found a portal to a secret trove of treasure.
  9467 | D:11     | Identified 2 scrolls of acquirement
  9467 | D:11     | Acquired a +2 triple crossbow of freezing
  9468 | D:11     | Acquired the +2 pair of gloves "Vuumaud" {rPois Str+5}
  9515 | D:11     | Noticed a two-headed ogre
  9525 | D:11     | Killed a two-headed ogre
  9847 | D:12     | Noticed a death knight
  9876 | D:12     | Killed a death knight
  9876 | D:12     | Noticed a phantasmal warrior
  9877 | D:12     | Reached XP level 12. HP: 73/97 MP: 19/19
 10021 | D:12     | Reached skill level 11 in Crossbows
 10126 | D:12     | Noticed Josephine
 10142 | D:12     | Killed Josephine
 10168 | D:12     | Reached ***** piety under Okawaru
 10174 | D:12     | Reached skill level 12 in Crossbows
 10174 | D:12     | Received a gift from Okawaru
 10662 | D:10     | Received a gift from Okawaru
 10671 | D:10     | Killed DemonSlayer's ghost
 10827 | D:13     | Reached skill level 13 in Crossbows
 10865 | D:13     | Received a gift from Okawaru
 10969 | D:13     | Reached XP level 13. HP: 94/103 MP: 20/20
 10988 | D:13     | Noticed a vault guard
 11006 | D:13     | Killed a vault guard
 11007 | D:13     | Reached skill level 14 in Crossbows
 11011 | D:13     | Identified the +2 pair of gloves of Okawaru's Inspiration
                  | {Int+2} (Okawaru gifted it to you on level 13 of the
                  | Dungeon)
 11011 | D:13     | Received a gift from Okawaru
 11087 | D:13     | Found a gate to the Vaults.
 11142 | D:13     | Noticed Erolcha
 11146 | D:13     | Killed Erolcha
 11171 | D:13     | Noticed a centaur warrior
 11176 | D:13     | Killed a centaur warrior
 11253 | D:13     | Noticed a centaur warrior
 11257 | D:13     | Reached skill level 15 in Crossbows
 11259 | D:13     | Killed a centaur warrior
 11281 | D:13     | Noticed a boulder beetle
 11286 | D:13     | Killed a boulder beetle
 11526 | D:14     | Noticed a rakshasa
 11544 | D:14     | Killed a rakshasa
 11578 | D:14     | Found Hieluag's Weapon Shoppe.
 11604 | D:14     | Noticed a centaur warrior
 11612 | D:14     | Killed a centaur warrior
 11678 | D:14     | Noticed a centaur warrior
 11684 | D:14     | Killed a centaur warrior
 11720 | D:14     | Noticed a boulder beetle
 11727 | D:14     | Killed a boulder beetle
 11781 | D:14     | Reached skill level 16 in Crossbows
 11815 | D:14     | Found Huse's Assorted Antiques.
 11824 | D:14     | Bought a scroll labelled TODIGY IRROUMI for 29 gold pieces
 11824 | D:14     | Bought a fine plate armour for 812 gold pieces
 11824 | D:14     | Identified the +1 plate armour "Liow Dos" {Int+4} (You
                  | bought it in a shop on level 14 of the Dungeon)
 11871 | D:14     | Noticed a centaur warrior
 11893 | D:14     | Killed a centaur warrior
 11893 | D:14     | Received a gift from Okawaru
 12016 | D:15     | Entered Level 15 of the Dungeon
 12119 | D:15     | Noticed a centaur warrior
 12122 | D:15     | Killed a centaur warrior
 12123 | D:15     | Reached XP level 14. HP: 54/110 MP: 21/21
 12171 | D:15     | Reached ****** piety under Okawaru
 12409 | D:15     | Reached skill level 17 in Crossbows
 12498 | D:15     | Found a staircase to the Depths.
 12615 | D:15     | Identified the +5 kite shield of the Sky {rPois} (Okawaru
                  | gifted it to you on level 15 of the Dungeon)
 12615 | D:15     | Received a gift from Okawaru
 12945 | D:15     | Reached skill level 18 in Crossbows
 13232 | Depths:1 | Entered Level 1 of the Depths
 13242 | Depths:1 | Reached skill level 5 in Shields
 13330 | Depths:1 | Noticed a stone giant
 13342 | Depths:1 | Killed a stone giant
 13555 | Depths:1 | Noticed a tengu reaver
 13706 | D:14     | Bought 17 bolts for 44 gold pieces
 13810 | Depths:1 | Noticed Sojobo
 13896 | D:15     | HP: 5/110 [tengu reaver[Sojobo] (2)]
 14031 | D:15     | Killed a tengu reaver
 14032 | D:15     | Reached XP level 15. HP: 41/115 MP: 20/22
 14148 | Depths:1 | Killed from afar by an air elemental

Illustrated notes

Levels and vault maps discovered:
D:1:      tarquinn_simple_flora_water_f, layout_loops_ring, serial_shops, shop,
          hellmonk_ecumenical_altar_watching_god, minmay_misc_feat_doors
D:2:      layout_rooms, uniq_robin
D:3:      layout_rooms, bloody_makhleb, nicolae_uskayaw_murder_on_the_dancefloor
D:4:      layout_gridville, nicolae_overflow_hidden_temple
D:5:      layout_loops_ring, nemelex_spade_bored_becter,
          minmay_fractal_squares_gapless_5
D:6:      kennysheep_slugbush, layout_basic, zin_treasury,
          mainiacjoe_overflow_alcove_1, minmay_temple_entry_statues_pillars,
          lemuel_flamethrower_1
D:7:      layout_loops_corners, okawaru_ov_weapons_minmay,
          nicolae_overflow_crystal_walls, minmay_tree_intersection,
          minmay_circle_x
D:8:      layout_loops_corners, tgw_xom, david_lair_generic
D:9:      layout_loops_corners
D:10:     layout_basic, grunt_temple_overflow_forces_of_nature,
          mainiacjoe_overflow_concentric_impassable, ebering_ghost_inner_flame
D:11:     layout_basic, david_orc_2, trove_entry_hex_spiral
D:12:     layout_cave_pools, serial_column_ruins, column_ruins_hut,
          column_ruins_square_medium, column_ruins_open_medium,
          column_ruins_grid_1, column_ruins_corridor_straight,
          column_ruins_grid_1, hangedman_decor_peaks_small, nrook_loot_triangle,
          kennysheep_generic_room_15, uniq_josephine
D:13:     layout_rooms, grunt_vaults_entry_tiered, uniq_erolcha
D:14:     layout_basic, serial_shops, shop, shop, kennysheep_nondescript
D:15:     gammafunk_depths_entry_grave, layout_basic, amcnicky_mini_pool_small,
          minmay_misc_feat_cross
Temple:   chequers_temple_sunken
Depths:1: layout_gridlike, enter_ziggurat_f, nicolae_ashenzari_panopticon,
          hell_entry, minmay_the_grid_square_5x5_3x3_mashed
          [minmay_the_grid_square_5x5_bite, minmay_the_grid_square_5x5_three,
          minmay_the_grid_square_5x5_broken_cross,
          minmay_the_grid_square_5x5_hourglass,
          minmay_the_grid_square_5x5_megaprize_diamond,
          minmay_the_grid_square_5x5_eight,
          minmay_the_grid_square_5x5_gyroscope, minmay_the_grid_square_5x5_v,
          minmay_the_grid_square_5x5_spiral_small], uniq_sojobo

Skill      XL: |  1  2  3  4  5  6  7  8  9 10 11 12 13 14 |
---------------+-------------------------------------------+-----
Dodging        | 2 |  2.1
Armour         | 1 8 9 |  9.7
Crossbows      | 5 6 7 9 10 13 16 18 | 18.4
Fighting       | 5 10 | 10.0
Invocations    | 5 10 | 10.0
Shields        | 2 7 |  7.3
Short Blades   | |  0.8
Stealth        | |  1.5

Action                   |  1- 3 |  4- 6 |  7- 9 | 10-12 | 13-15 || total
-------------------------+-------+-------+-------+-------+-------++-------
Melee: Short sword       |    82 |    20 |       |       |       ||   102
       Mace              |       |   121 |   230 |   567 |       ||   918
 Fire: Hand crossbow     |    20 |    30 |    90 |   204 |   462 ||   806
Invok: Heroism           |       |       |       |     3 |     4 ||     7
       Finesse           |       |       |       |       |     2 ||     2
 Abil: Dig               |       |     1 |     2 |     2 |     4 ||     9
  Use: Scroll            |       |     1 |       |    22 |     6 ||    29
       Potion            |       |       |       |       |     5 ||     5
 Stab: Sleeping          |     1 |       |     1 |       |       ||     2
Armor: Leather armour    |    22 |    81 |    10 |       |       ||   113
       Ring mail         |       |       |    11 |       |       ||    11
       Chain mail        |       |       |   159 |   533 |   147 ||   839
Dodge: Dodged            |    74 |   161 |   163 |   356 |   103 ||   857
Block: Buckler           |       |       |       |    85 |    21 ||   106
       Kite shield       |       |       |       |       |    87 ||    87
